 Dungeon Crawl Stone Soup version 0.26.1-11-gd32895ea62 (webtiles) character file.

Game seed: 11924261268312231000

134 Eitelfritz the Slasher (level 4, 0/38 HPs)
             Began as a Minotaur Gladiator on June 10, 2021.
             Was an Initiate of Okawaru.
             Slain by a hobgoblin
             ... wielding a +0 club
              (5 damage)
             ... on level 3 of the Dungeon.
             The game lasted 00:02:48 (2160 turns).

Eitelfritz the Slasher (Minotaur Gladiator)         Turns: 2160, Time: 00:02:49

Health: 0/38       AC:  5    Str: 18    XL:     4   Next: 95%
Magic:  3/3        EV: 12    Int:  6    God:    Okawaru [......]
Gold:   102        SH:  0    Dex: 12    Spells: 3/3 levels left

rFire    . . .     SeeInvis .   a - +0 long sword
rCold    . . .     Faith    .   (no shield)
rNeg     . . .     Spirit   .   j - +0 ring mail
rPois    .         Reflect  .   c - +0 hat
rElec    .         Harm     .   (no cloak)
rCorr    .         Rampage  .   (no gloves)
Will     .....                  (no boots)
Stlth    +.........             (no amulet)
HPRegen  0.12/turn              (no ring)
MPRegen  0.08/turn              (no ring)

@: no status effects
A: retaliatory headbutt, horns 2
a: Renounce Religion


You were on level 3 of the Dungeon.
You worshipped Okawaru.
Okawaru was noncommittal.
You visited 1 branch of the dungeon, and saw 3 of its levels.

You collected 102 gold pieces.

Inventory:

Hand Weapons
 a - a +0 long sword (weapon)
Missiles
 d - 3 throwing nets (quivered)
Armour
 c - a +0 hat (worn)
 j - a +0 ring mail (worn)
 k - a +0 scale mail
Scrolls
 e - 5 scrolls of identify {unknown}
 g - 3 scrolls of teleportation {unknown}
 h - a scroll of fear {unknown}
Potions
 b - a potion of degeneration {unknown}
 f - 2 potions of haste {unknown}
 i - a potion of might {unknown}
 l - a potion of curing {unknown}


   Skills:
 + Level 3.5 Fighting
 + Level 4.7 Long Blades
 + Level 2.3 Throwing
 + Level 2.1 Armour
 + Level 4.2 Dodging


You had 3 spell levels left.
You didn't know any spells.
Your spell library was empty.

Dungeon Overview and Level Annotations

Branches:
Dungeon (3/15)

Altars:
Ashenzari
Elyvilon
Okawaru
Uskayaw
Vehumet


Innate Abilities, Weirdness & Mutations

You reflexively headbutt those who attack you in melee.
You have a pair of horns on your head.


Message History

The hobgoblin hits you with a +0 club. x2
Your Armour skill increases to level 2!
Items here: ) [[ †.
You hit the hobgoblin but do no damage. The hobgoblin barely misses you.
The hobgoblin hits you but does no damage.
You closely miss the hobgoblin. The hobgoblin hits you with a +0 club.
* * * LOW HITPOINT WARNING * * *
You barely miss the hobgoblin. The hobgoblin hits you with a +0 club.
* * * LOW HITPOINT WARNING * * *
You hit the hobgoblin.
The hobgoblin is heavily wounded.
The hobgoblin hits you with a +0 club.
* * * LOW HITPOINT WARNING * * *
You barely miss the hobgoblin. Your headbutt misses the hobgoblin.
The hobgoblin is heavily wounded.
The hobgoblin hits you but does no damage.
You barely miss the hobgoblin.
The hobgoblin is heavily wounded.
The hobgoblin hits you with a +0 club.
You die...

#.##..#.......# #..#
#.##.##..##.##.#.###..#
..........#.##.#......#
..##.##...#.##.###.##.#
#.##...#.##.# #.##.#
............###.##.#
..##...####$##.#.#.#
#.#.# #)#.###..# #...#
#g@## ##....# ....#
#.#.# ..##.# ##.#
#†##.#.#.# # #.
#.$....... #.
..######.. ..>. ...#
..... .... oo##.## ##o
..#


You could see a hobgoblin.

Vanquished Creatures
  An orc priest (D:3)
  5 adders (D:2)
  An ooze (D:1)
  A worm (D:2)
  A dart slug (D:1)
  A leopard gecko (D:1)
  4 orcs (D:3)
  6 bats
  4 giant cockroaches
  A goblin (D:2)
  3 hobgoblins
  4 jackals (D:1)
  5 kobolds (D:1)
  2 quokkas (D:2)
  3 frilled lizards
  A quokka zombie (D:2)
  4 rats
47 creatures vanquished.

Notes
Turn   | Place    | Note
-------+----------+-------------------------------------------
     0 | D:1      | Eitelfritz the Minotaur Gladiator began the quest for the
                  | Orb.
     0 | D:1      | Reached XP level 1. HP: 18/18 MP: 0/0
   117 | D:1      | Reached XP level 2. HP: 21/25 MP: 1/1
   644 | D:1      | Reached XP level 3. HP: 30/30 MP: 2/2
  1005 | D:2      | Found a white marble altar of Elyvilon.
  1005 | D:2      | Found a hide-covered altar of Uskayaw.
  1005 | D:2      | Found an iron altar of Okawaru.
  1007 | D:2      | Found a radiant altar of Vehumet.
  1269 | D:2      | Found a broken altar of Ashenzari.
  1302 | D:2      | Reached skill level 1 in Armour
  1481 | D:2      | Reached XP level 4. HP: 34/38 MP: 3/3
  2065 | D:2      | Became a worshipper of Warmaster Okawaru
  2160 | D:3      | Slain by a hobgoblin

Illustrated notes

Levels and vault maps discovered:
D:1:      lemuel_arrival_lava_pool, layout_basic, minmay_pentomino_p2
D:2:      layout_basic, evilmike_ruin_ashenzari, grunt_temple_overflow_open,
          chequers_serial_rivers_marsh
D:3:      layout_loops_ring, grunt_temple_overflow_opulence,
          overflow_temple_1_default, minmay_goblin_outpost, uniq_grinder

Skill      XL: |  1  2  3  4 |
---------------+-------------+-----
Long Blades    | 4 |  4.7
Fighting       | 3 |  3.5
Armour         | 1 2 |  2.1
Dodging        | 4 |  4.2
Throwing       | |  2.3

Action                   |  1- 3 |  4- 6 || total
-------------------------+-------+-------++-------
Melee: Long sword        |    59 |    38 ||    97
       Headbutt          |    10 |     3 ||    13
Armor: Leather armour    |    18 |       ||    18
       Ring mail         |    15 |    10 ||    25
Dodge: Dodged            |    55 |    26 ||    81
       Rpst.: Long sword |    14 |     3 ||    17
